 Dungeon Crawl Stone Soup version 0.24.0-1-gfbc8707 (webtiles) character file.

Game seed: 11037768666914030622, levelgen mode: deterministic

99221 MacrostheBlack the Spry (level 15, -10/83 HPs)
             Began as a Spriggan Warper on Nov 5, 2019.
             Was an Initiate of Gozag.
             Mangled by a white very ugly thing (27 damage)
             ... on level 3 of the Lair of Beasts on Nov 7, 2019.
             The game lasted 02:32:27 (36567 turns).

MacrostheBlack the Spry (Spriggan Warper)          Turns: 36567, Time: 02:32:31

Health: -10/83     AC:  6    Str: 13    XL:     15   Next: 77%
Magic:  0/23       EV: 34    Int: 13    God:    Gozag
Gold:   3723       SH:  8    Dex: 20    Spells: 4/19 levels left

rFire    . . .     SeeInvis +   w - +9 hunting sling (freeze)
rCold    . . .     Gourm    .   H - +1 buckler
rNeg     + . .     Faith    .   W - +1 robe "Turrualoe" {Str+4 Slay+2 Stlth+}
rPois    +         Spirit   +   k - +2 hat of the Bear Spirit {Spirit, +Rage rN+ MR++}
rElec    +         Reflect  .   b - +0 cloak
rCorr    .         Harm     .   (gloves unavailable)
MR       +++++                  (boots unavailable)
Stlth    +++++.....             (no amulet)
HPRegen  0.23/turn              Q - ring of poison resistance
MPRegen  0.18/turn              F - ring of Awixt {rElec MR+ Stlth+}

@: slow
A: very small, unfitting armour, see invisible, dopey 1, herbivore, speed 3,
slow metabolism 2
a: Potion Petition, Call Merchant, Bribe Branch, Renounce Religion, Evoke
Berserk Rage


You were on level 3 of the Lair of Beasts.
You worshipped Gozag.
Gozag was most pleased with you.
You were not hungry.

You visited 6 branches of the dungeon, and saw 26 of its levels.
You also visited: Bailey.

You collected 8542 gold pieces.
You spent 2025 gold pieces at shops.
You paid 2794 gold pieces to Gozag.

Inventory:

Hand Weapons
 a - a +0 quick blade
 s - a +2 antimagic demon trident
 w - a +9 hunting sling of freezing (weapon)
 E - a +3 short sword of electrocution
 O - a +3 dagger of venom
Missiles
 l - 182 stones (quivered)
Armour
 b - a +0 cloak (worn)
 k - the +2 hat of the Bear Spirit (worn) {Spirit, +Rage rN+ MR++}
   (You bought it in a shop on level 4 of the Dungeon)

   It protects you from negative energy.
   It affects your resistance to hostile enchantments.
   It lets you go berserk.
 x - +0 swamp dragon scales
 H - a +1 buckler (worn)
 W - the +1 robe "Turrualoe" (worn) {Str+4 Slay+2 Stlth+}
   (You found it on level 14 of the Dungeon)

   It affects your strength (+4).
   It affects your accuracy and damage with ranged weapons and melee attacks
   (+2).
   It makes you more stealthy.
Jewellery
 i - an uncursed ring of resist corrosion
 F - the ring of Awixt (right hand) {rElec MR+ Stlth+}
   (You found it on level 6 of the Lair of Beasts)

   [ring of protection from magic]

   It insulates you from electricity.
   It affects your resistance to hostile enchantments.
   It makes you more stealthy.
 I - a +2 ring of evasion
 K - an uncursed ring of magical power
 Q - a ring of poison resistance (left hand)
Wands
 r - a wand of acid (18)
 G - a wand of paralysis (24)
 L - a wand of enslavement (3)
 M - a wand of iceblast (12)
 T - a wand of flame (10)
 U - a wand of digging (7)
 V - a wand of random effects (43)
Scrolls
 d - 5 scrolls of blinking
 g - 12 scrolls of remove curse
 o - 13 scrolls of teleportation
 t - 5 scrolls of fog
 y - 5 scrolls of amnesia
 C - 2 scrolls of enchant weapon
 D - 2 scrolls of fear
 J - 3 scrolls of magic mapping
 R - 5 scrolls of enchant armour
 S - 3 scrolls of vulnerability
 Y - 5 scrolls of immolation
 Z - a scroll of holy word
Potions
 e - 5 potions of invisibility
 h - 3 potions of agility
 j - a potion of magic
 m - 4 potions of cancellation
 n - 3 potions of resistance
 p - 3 potions of mutation
 q - 6 potions of haste
 v - a potion of berserk rage
 z - 12 potions of curing
 A - 7 potions of heal wounds
 B - 3 potions of brilliance
 P - 2 potions of might
Miscellaneous
 c - a phial of floods
 X - a fan of gales
Comestibles
 f - 29 rations


   Skills:
 + Level 11.4 Fighting
 - Level 10.0 Short Blades
 - Level 12.0 Slings
 - Level 1.0(6.5) Throwing
 + Level 17.4 Dodging
 + Level 16.9 Stealth
 - Level 4.0 Shields
 - Level 2.6 Spellcasting
 * Level 7.9 Hexes
 + Level 4.1 Charms
 - Level 10.0 Translocations
 - Level 10.0 Evocations


You had 4 spell levels left.
You knew the following spells:

 Your Spells              Type           Power        Failure   Level  Hunger
a - Blink                 Tloc           N/A          1%          2    ###....
b - Silence               Hex/Air        ##........   85%         5    ######.
c - Darkness              Hex            ###.......   86%         6    #######
d - Shroud of Golubria    Chrm/Tloc      ###...       2%          2    ###....

Your spell library contained the following spells:

 Spells                   Type           Power        Failure   Level  Hunger
 Corona                   Hex            ###....      1%          1    #......
 Gell's Gravitas          Tloc           ####......   1%          3    ###....
 Lesser Beckoning         Tloc           ####......   1%          3    ###....
 Teleport Other           Tloc           ####....     1%          3    ###....
 Confuse                  Hex            ###.....     3%          3    ###....
 Tukima's Dance           Hex            ###.....     3%          3    ###....
 Passage of Golubria      Tloc           N/A          4%          4    #####..
 Infusion                 Chrm           ##..         5%          1    #......
 Song of Slaying          Chrm           ##......     8%          2    ###....
 Spectral Weapon          Hex/Chrm       ###.....     8%          3    ###....
 Ensorcelled Hibernation  Hex/Ice        ##....       9%          2    ###....
 Dazzling Spray           Conj/Hex       ##....       17%         3    ###....
 Freeze                   Ice            #...         28%         1    #......
 Magic Dart               Conj           #...         28%         1    #......
 Sting                    Conj/Pois      #...         28%         1    #......
 Ozocubu's Armour         Chrm/Ice       #.......     36%         3    ###....
 Regeneration             Chrm/Necr      #.........   36%         3    ###....
 Force Lance              Conj/Tloc      ##......     36%         4    #####..
 Poisonous Vapours        Pois/Air       #.....       41%         2    ###....
 Searing Ray              Conj           #.....       41%         2    ###....
 Throw Frost              Conj/Ice       #.....       41%         2    ###....
 Fulminant Prism          Conj/Hex       ##........   50%         4    #####..
 Mephitic Cloud           Conj/Pois/Air  #.......     65%         3    ###....
 Iskenderun's Mystic Bla  Conj           #.......     96%         4    #####..
 Olgreb's Toxic Radiance  Pois           #.......     96%         4    #####..
 Summon Ice Beast         Ice/Summ       #.......     96%         4    #####..
 Throw Icicle             Conj/Ice       #.......     96%         4    #####..
 Borgnjor's Vile Clutch   Necr/Erth      #.........   100%        5    ######.
 Venom Bolt               Conj/Pois      #.........   100%        5    ######.
 Shadow Creatures         Summ           N/A          100%        6    #######


Dungeon Overview and Level Annotations

Branches:
Dungeon (15/15)            Temple (1/1) D:6            Lair (6/6) D:8
  Swamp (1/4) Lair:3        Snake (0/4) Lair:4        Slime (1/5) Lair:5
    Orc (2/2) D:11            Elf (0/3) Orc:2        Vaults (0/5) D:13
 Depths (0/5) D:15         Bailey (visited)

Altars:
Ashenzari
Cheibriados
Dithmenos
Elyvilon
Fedhas
Gozag
Hepliaklqana
Kikubaaqudgha
Makhleb
Nemelex Xobeh
Okawaru
Qazlal
Ru
Sif Muna
Trog
Uskayaw
Vehumet
Wu Jian
Xom
Yredelemnul
Zin
The Shining One
Beogh
Jiyva

Shops:
D:4 *(!   D:14 *[}   D:15 (   Orc:2 ([[!


Innate Abilities, Weirdness & Mutations

You are very small and have problems with some larger weapons.
You are too small for most types of armour.
You have supernaturally acute eyesight. (SInv)
You are a herbivore.
You cover ground extremely quickly.
You need to consume almost no food.
You are dopey. (Int -2)


Message History

The white very ugly thing is heavily wounded.
The white very ugly thing tail-slaps you but does no damage.
Firing (i - inventory)
l - 183 stones (quivered)
Press: ? - help, Shift-Dir - straight line, f/p - white very ugly thing
Aim: a white very ugly thing (heavily wounded)
You shoot a stone.
The stone hits the white very ugly thing!
The stone freezes the white very ugly thing.
The white very ugly thing is severely wounded.
The swamp worm misses you.
The white very ugly thing tail-slaps you!!
The white very ugly thing freezes you!!!
* * * LOW HITPOINT WARNING * * *
You feel much better. The swamp worm bites you!
* * * LOW HITPOINT WARNING * * *
The white very ugly thing tail-slaps you!
* * * LOW HITPOINT WARNING * * *
The white very ugly thing freezes you!!
You die...
Your body crumbles into a pile of gold.

........#P.....##...#.#...####≈≈<
...............##...........##≈≈≈
..#............[............###≈≈
...##........................####
..###...............####......###
..##......#.........####........#
........###.....§.§...#.....#...#
..##.....##....u§§§§...#....##..#
...##.....(.....@≈§♣≈..#....##..#
................♣w§§♣§§P.....#..#
..............§§≈≈§♣≈...........#
.........P.....§§§≈≈............#
.......###....§§§§§.............#
.###P..###.......§§§............#
.# ##...##...P#......###...##P..#
.## #....[...####..####.....#...#
..###........# #P...# #P........#


You could see a white very ugly thing and a swamp worm.

Vanquished Creatures
  Kirke (D:13)
  2 orc warlords
  Louise (D:14)
  2 dire elephants
  A fire dragon (Lair:6)
  An ogre mage (D:15)
  Harold (Orc:1)
  8 hydras
  An ice dragon (Lair:6)
  Erica (D:8)
  7 centaur warriors
  A death knight (D:14)
  8 two-headed ogres
  9 death yaks
  5 orc high priests
  Urug (Lair:6)
  4 skeletal warriors (D:12)
  A shadow wraith (D:14)
  2 unseen horrors
  A swamp dragon (Lair:6)
  5 orc knights
  6 lindwurms
  A wolf spider (D:15)
  2 manticores
  6 orc sorcerers
  4 ugly things
  5 cyclopes
  14 elephants (Lair:2)
  2 black mambas
  Joseph (D:7)
  Maurice (Orc:1)
  6 torpor snails
  7 spiny frogs
  2 gargoyles
  A rime drake (Lair:6)
  5 komodo dragons
  A freezing wraith (D:15)
  A kobold demonologist (D:13)
  An efreet (D:14)
  A tengu conjurer (D:14)
  7 hornets (Lair:6)
  8 trolls
  13 slime creatures
  13 blink frogs
  3 tyrant leeches (Lair:6)
  A bog body (Lair:3)
  12 hippogriffs
  A spriggan (Lair:2)
  3 wyverns
  8 hogs
  A wraith (D:15)
  26 yaks
  2 steam dragons (Lair:6)
  4 hungry ghosts
  3 basilisks
  A human (D:6)
  A warg (Orc:2)
  2 acid dragons
  12 water moccasins
  A soldier ant (D:11)
  4 porcupines
  3 swamp drakes (Lair:6)
  36 orc warriors
  2 black bears (D:11)
  2 ice beasts
  21 ogres
  4 phantoms
  6 sky beasts
  A necrophage (D:9)
  9 wolves
  11 centaurs
  16 crocodiles
  2 big kobolds
  14 bullfrogs
  A wyvern zombie (D:13)
  6 scorpions
  18 killer bees
  6 wights
  2 electric eels (Lair:3)
  4 centaur zombies
  A quasit (D:11)
  8 crimson imps
  2 centaur skeletons
  26 orc priests
  A bullfrog skeleton (D:11)
  7 hounds
  11 jellies
  14 orc wizards
  3 iguanas
  7 worker ants
  A hound zombie (D:7)
  A hound skeleton (D:4)
  A worker ant zombie (D:11)
  Robin (D:2)
  18 adders
  3 shadow imps
  14 oozes
  3 adder skeletons
  5 worms
  5 dart slugs
  4 leopard geckos
  104 orcs
  6 ball pythons
  16 bats
  2 bat skeletons (D:7)
  3 bat zombies (D:7)
  7 giant cockroaches
  7 hobgoblins
  28 jackals
  25 kobolds
  6 quokkas
  3 frilled lizards
  18 goblins
  11 rats
  2 plants
794 creatures vanquished.

Vanquished Creatures (others)
  A wizard (D:13)
  A centaur (D:13)
  A wight (D:10)
  38 fungi
  20 plants
61 creatures vanquished.

Grand Total: 855 creatures vanquished

Notes
Turn   | Place    | Note
-------+----------+-------------------------------------------
     0 | D:1      | MacrostheBlack the Spriggan Warper began the quest for the
                  | Orb.
     0 | D:1      | Reached XP level 1. HP: 10/10 MP: 5/5
    55 | D:1      | Reached skill level 1 in Stealth
   211 | D:1      | Reached XP level 2. HP: 14/14 MP: 6/6
   317 | D:1      | Reached skill level 4 in Dodging
   399 | D:1      | Reached XP level 3. HP: 17/18 MP: 8/8
  1161 | D:2      | Reached XP level 4. HP: 22/22 MP: 9/9
  2156 | D:2      | Noticed Robin
  2227 | D:2      | Killed Robin
  2227 | D:2      | Reached XP level 5. HP: 19/25 MP: 10/10
  2230 | D:2      | Reached skill level 5 in Dodging
  2738 | D:3      | Reached skill level 1 in Slings
  2982 | D:3      | You fall into a shaft and drop 2 floors!
  2982 | D:5      | Entered Level 5 of the Dungeon
  2992 | D:5      | Reached skill level 5 in Stealth
  3003 | D:5      | Reached XP level 6. HP: 30/30 MP: 11/11
  3315 | D:5      | Reached skill level 6 in Dodging
  3744 | D:5      | Reached XP level 7. HP: 16/33 MP: 12/12
  4577 | D:5      | Reached skill level 5 in Slings
  5050 | D:5      | Reached skill level 7 in Dodging
  5330 | D:4      | Found Zued's General Store.
  5392 | D:4      | Found Ikump's Antique Weapon Shoppe.
  5666 | D:4      | Reached XP level 8. HP: 37/37 MP: 13/13
  5930 | D:4      | Found Vashroal's Distillery.
  6283 | D:3      | Found a basalt altar of Yredelemnul.
  6530 | D:6      | Found a staircase to the Ecumenical Temple.
  6538 | Temple   | Entered the Ecumenical Temple
  6634 | Temple   | Became a worshipper of Gozag Ym Sagoz the Greedy
  6744 | D:6      | Reached skill level 8 in Dodging
  6871 | D:6      | Noticed a hippogriff
  6960 | D:6      | Killed a hippogriff
  7928 | D:7      | Noticed Joseph
  8322 | D:7      | Reached XP level 9. HP: 43/43 MP: 14/14
  8408 | D:7      | Reached skill level 9 in Dodging
  9219 | D:6      | Reached skill level 10 in Stealth
  9504 | D:7      | Found an ancient bone altar of Kikubaaqudgha.
  9702 | D:4      | Bought the +2 hat of the Bear Spirit {Spirit, +Rage rN+
                  | MR++} for 547 gold pieces
  9702 | D:4      | Found the +2 hat of the Bear Spirit {Spirit, +Rage rN+
                  | MR++}
  9892 | D:8      | Noticed Erica
  9896 | D:8      | Killed Erica
  9896 | D:8      | Reached skill level 10 in Slings
  9896 | D:8      | Reached skill level 10 in Dodging
  9900 | D:8      | Found a staircase to the Lair.
  9968 | D:8      | Noticed a two-headed ogre
  9976 | D:8      | Killed a two-headed ogre
  9976 | D:8      | Reached XP level 10. HP: 51/51 MP: 15/15
  9990 | D:8      | Found a stormy altar of Qazlal.
 10005 | D:8      | Found an ornate altar of the Wu Jian Council.
 10123 | D:8      | Found a shimmering altar of Xom.
 10718 | D:7      | Killed Joseph
 10973 | D:9      | Found a glowing silver altar of Zin.
 10973 | D:9      | Found a hide-covered altar of Uskayaw.
 11750 | D:10     | Entered Level 10 of the Dungeon
 11750 | D:10     | Found a flagged portal.
 11804 | Bailey   | Entered a bailey
 11901 | Bailey   | Noticed an orc knight
 12097 | Bailey   | Killed an orc knight
 12117 | Bailey   | Found an iron altar of Okawaru.
 12519 | D:10     | Noticed a centaur warrior
 12532 | D:10     | Killed a centaur warrior
 12532 | D:10     | Reached skill level 5 in Fighting
 12532 | D:10     | Reached skill level 5 in Short Blades
 12532 | D:10     | Reached skill level 11 in Dodging
 12888 | D:10     | Noticed an unseen horror
 12912 | D:10     | Killed an unseen horror
 13207 | Lair:1   | Entered Level 1 of the Lair of Beasts
 13248 | Lair:1   | Noticed a spiny frog
 13274 | Lair:1   | Killed a spiny frog
 13274 | Lair:1   | Reached XP level 11. HP: 56/56 MP: 16/16
 14563 | Lair:2   | You fall into a shaft and drop 2 floors!
 14586 | Lair:4   | Found a staircase to the Snake Pit.
 15290 | Lair:2   | Reached XP level 12. HP: 64/64 MP: 17/17
 15488 | Lair:2   | Reached skill level 10 in Short Blades
 15792 | Lair:2   | Learned a level 2 spell: Blink
 15867 | Lair:2   | Noticed a six-headed hydra
 15896 | Lair:2   | Killed a six-headed hydra
 15896 | Lair:2   | Reached skill level 1 in Evocations
 16011 | Lair:2   | Noticed a dire elephant
 16081 | Lair:2   | Killed a dire elephant
 16081 | Lair:2   | Reached skill level 5 in Translocations
 16392 | Lair:3   | Found a staircase to the Swamp.
 16609 | Lair:3   | Reached skill level 12 in Dodging
 16783 | Lair:3   | Noticed a seven-headed hydra
 16792 | Lair:3   | Killed a seven-headed hydra
 18202 | Lair:5   | Found a viscous altar of Jiyva.
 18203 | Lair:5   | Found a staircase to the Slime Pits.
 18280 | Lair:5   | Noticed an eight-headed hydra
 18289 | Lair:5   | Killed an eight-headed hydra
 18289 | Lair:5   | Reached skill level 13 in Dodging
 18459 | Lair:5   | Noticed a death yak
 18463 | Lair:5   | Noticed a death yak
 18466 | Lair:5   | Noticed a death yak
 18466 | Lair:5   | Noticed a death yak
 18525 | Lair:5   | Killed a death yak
 18569 | Lair:5   | Killed a death yak
 18569 | Lair:5   | Reached XP level 13. HP: 70/70 MP: 18/18
 18637 | Lair:5   | Reached skill level 5 in Evocations
 19255 | Lair:6   | Entered Level 6 of the Lair of Beasts
 19509 | Lair:6   | Noticed Urug
 19568 | Lair:6   | Killed Urug
 19678 | Lair:6   | Reached skill level 14 in Dodging
 19821 | Lair:6   | Got a scintillating brass ring
 19823 | Lair:6   | Identified the ring of Awixt {rElec MR+ Stlth+} (You found
                  | it on level 6 of the Lair of Beasts)
 20653 | Lair:6   | Found a runed translucent door.
 20791 | Lair:6   | Reached skill level 10 in Fighting
 20942 | Lair:6   | Reached skill level 15 in Dodging
 21094 | Lair:6   | Paralysed by a hornet for 2 turns
 21989 | Lair:6   | Noticed a fire dragon
 22481 | Lair:6   | Killed a fire dragon
 23191 | D:11     | Reached XP level 14. HP: 77/77 MP: 20/20
 23257 | D:11     | Reached skill level 1 in Shields
 23821 | D:11     | Found a staircase to the Orcish Mines.
 24164 | D:4      | Bought a potion of haste for 140 gold pieces
 24164 | D:4      | Bought a potion of cancellation for 112 gold pieces
 24164 | D:4      | Bought a potion of curing for 42 gold pieces
 24164 | D:4      | Bought a potion of curing for 42 gold pieces
 24164 | D:4      | Bought a potion of berserk rage for 70 gold pieces
 24164 | D:4      | Bought a potion of brilliance for 56 gold pieces
 24164 | D:4      | Bought a potion of haste for 140 gold pieces
 24164 | D:4      | Bought a potion of curing for 42 gold pieces
 24203 | D:4      | Bought a ration for 70 gold pieces
 24203 | D:4      | Bought a potion of haste for 140 gold pieces
 24203 | D:4      | Bought 12 stones for 16 gold pieces
 25450 | Orc:1    | Entered Level 1 of the Orcish Mines
 25507 | Orc:1    | Found a roughly hewn altar of Beogh.
 25557 | Orc:1    | Noticed Harold
 25968 | Orc:1    | Killed Harold
 25968 | Orc:1    | Reached skill level 10 in Translocations
 26181 | Orc:1    | Learned a level 5 spell: Silence
 26188 | Orc:1    | Learned a level 6 spell: Darkness
 26208 | Orc:2    | Entered Level 2 of the Orcish Mines
 26440 | Orc:2    | Found a roughly hewn altar of Beogh.
 26442 | Orc:2    | Noticed an orc warlord
 26603 | Orc:1    | Killed an orc warlord
 26814 | Orc:2    | Reached skill level 15 in Stealth
 28374 | Orc:2    | Reached skill level 16 in Dodging
 28498 | Orc:2    | Found a staircase to the Elven Halls.
 28870 | Orc:2    | Noticed an orc warlord
 28958 | Orc:2    | Killed an orc warlord
 29063 | Orc:2    | Found a roughly hewn altar of Beogh.
 29115 | Orc:2    | Found Husogro's Distillery.
 29134 | Orc:2    | Bought a potion of might for 64 gold pieces
 29134 | Orc:2    | Bought a potion of heal wounds for 80 gold pieces
 29134 | Orc:2    | Bought a potion of invisibility for 128 gold pieces
 29134 | Orc:2    | Bought a potion of invisibility for 128 gold pieces
 29134 | Orc:2    | Bought a potion of curing for 48 gold pieces
 29134 | Orc:2    | Bought a potion of resistance for 160 gold pieces
 29828 | Orc:2    | Found Urgheocwo's Armour Emporium.
 29898 | Orc:2    | Gained mutation: You are dopey. (Int -2) [a neqoxec]
 30541 | Orc:2    | Found Wakoes's Armour Emporium.
 30547 | Orc:2    | Found Byitym's Weapon Shoppe.
 30923 | Orc:1    | Noticed Maurice
 30930 | Orc:1    | Killed Maurice
 31016 | Orc:1    | Found a roughly hewn altar of Beogh.
 31196 | D:11     | Learned a level 2 spell: Shroud of Golubria
 31390 | D:13     | Found the +2 cloak of the Thief {+Fog Slay-2 SInv Stlth+}
 31475 | D:13     | Reached skill level 1 in Hexes
 31893 | D:13     | Reached skill level 10 in Evocations
 32017 | D:13     | Reached XP level 15. HP: 74/81 MP: 23/23
 32124 | D:13     | Noticed Kirke
 32169 | D:13     | Killed Kirke
 32364 | D:13     | Found a gate to the Vaults.
 33181 | D:14     | Noticed Louise
 33374 | D:14     | Reached skill level 5 in Hexes
 33383 | D:14     | Killed Louise
 33837 | D:14     | Reached skill level 17 in Dodging
 34080 | D:14     | Got a warped robe
 34091 | D:14     | Identified the cursed +1 robe "Turrualoe" {Str+4 Slay+2
                  | Stlth+} (You found it on level 14 of the Dungeon)
 34143 | D:15     | Entered Level 15 of the Dungeon
 34201 | D:15     | Reached skill level 1 in Charms
 35030 | D:15     | Found Retigoh's Weapon Shoppe.
 35212 | D:15     | Found a staircase to the Depths.
 35706 | Slime:1  | Entered Level 1 of the Pits of Slime
 36544 | Swamp:1  | Entered Level 1 of the Swamp
 36567 | Lair:3   | Mangled by a white very ugly thing

Levels and vault maps discovered:
D:1:      wander_arrival_peaceful_grave, layout_loops_ring, minmay_door_square,
          minmay_misc_feat_tower, hex_large, serial_bayou_ford_a, st_stairs_13
D:2:      layout_basic, minmay_fractal_squares_5, uniq_robin
D:3:      layout_basic, overflow_temple_1_default
D:4:      layout_loops_corners, serial_shops, nicolae_shop_behind_doors, shop,
          nicolae_shop_behind_doors, first_ration
D:5:      minmay_diamond_boxcup, layout_basic
D:6:      layout_basic, minmay_temple_entry_arrows
D:7:      layout_basic, kennysheep_vampire_church, grunt_livestock, uniq_joseph
D:8:      layout_loops_ring, overflow_temple_1_default,
          nicolae_overflow_hidden_temple, dpeg_oklobed_lair,
          david_defended_altar_elf, uniq_erica
D:9:      layout_basic, chequers_temple_overflow_statue_of_worship,
          kennysheep_generic_room_12
D:10:     layout_big_octagon, serial_glass, glass_columns_b, glass_columns_a,
          enter_bailey_2, minmay_splitting_lines
D:11:     layout_basic, orc_0_dummy
D:12:     layout_basic
D:13:     layout_loops_cross, david_vaults_1, uniq_kirke
D:14:     layout_rooms, minmay_lindwurm_lava, uniq_louise
D:15:     hangedman_depths_entry_try_elsewhere_first, layout_cave_pools,
          serial_shops, nicolae_shop_stone, minmay_fountain_box
Temple:   nicolae_temple_x_marks_the_god
Lair:1:   layout_small_grid
Lair:2:   mu_elephants_graveyard, layout_cave_pods
Lair:3:   layout_small_grid, skrybe_swamp_entry_bodies, serial_bayou_pond_a,
          cheibrodos_lair_caveside_slide
Lair:4:   lemuel_slime, layout_regular_city, dummy_snake_entry, st_stairs_5
Lair:5:   layout_regular_city, dpeg_slime_entry_enclosed_altar
Lair:6:   wormcave, layout_misc_corridors, guppyfry_lair_end_dragon,
          st_stairs_12, uniq_urug
Swamp:1:  cheibrodos_swamp_monstrosity, layout_falls_marsh,
          evilmike_swamp_ruin_rubble_1, infiniplex_staircase_pool, uniq_jorgrun
Slime:1:  layout_caves, nicolae_slime_barrier, nicolae_slime_phagocytosis
Orc:1:    layout_caves, basic_altar, mines1_david, uniq_harold, uniq_maurice
Orc:2:    pubby_orc_utopia, serial_shops

Skill      XL: |  1  2  3  4  5  6  7  8  9 10 11 12 13 14 15 |
---------------+----------------------------------------------+-----
Stealth        | 1 3 4 5 6 7 9 10 12 13 14 15 16 | 16.9
Dodging        | 4 5 6 7 8 10 11 13 15 16 17 | 17.4
Short Blades   | 3 5 9 10 | 10.0
Slings         | 2 4 6 8 10 12 | 12.0
Fighting       | 2 4 5 8 9 10 11 | 11.4
Evocations     | 4 7 10 | 10.0
Translocations | 7 9 10 | 10.0
Shields        | 4 |  4.0
Hexes          | 2 7 |  7.9
Charms         | 4 |  4.1
Throwing       | |  1.0
Spellcasting   | |  2.6

Action                   |  1- 3 |  4- 6 |  7- 9 | 10-12 | 13-15 || total
-------------------------+-------+-------+-------+-------+-------++-------
Melee: Short sword       |    10 |       |       |       |   142 ||   152
       Dagger            |   109 |   179 |   258 |   268 |     3 ||   817
       Scimitar          |       |       |       |       |    26 ||    26
       Quick blade       |       |       |       |       |    25 ||    25
       Hunting sling     |       |       |       |       |     1 ||     1
 Fire: Hunting sling     |       |   148 |   194 |   996 |  2826 ||  4164
Throw: Stone             |       |    21 |       |     1 |       ||    22
 Cast: Blink             |       |       |       |       |     4 ||     4
Invok: Potion Petition   |       |       |       |     1 |       ||     1
       Call Merchant     |       |       |       |       |     3 ||     3
 Abil: Evoke Berserk Rag |       |       |       |       |     1 ||     1
       Evoke Fog         |       |       |       |       |     1 ||     1
Evoke: Wand              |       |       |       |       |    12 ||    12
       Sack of spiders   |       |       |       |       |     2 ||     2
       Phial of floods   |       |       |       |       |     1 ||     1
  Use: Scroll            |       |       |     6 |     9 |    18 ||    33
       Potion            |       |       |       |     2 |     2 ||     4
 Stab: Sleeping          |     6 |     2 |    20 |     9 |    12 ||    49
       Distracted        |       |       |     2 |       |     3 ||     5
       Invisible         |       |       |       |     5 |       ||     5
  Eat: Ration            |       |     1 |     2 |     4 |     8 ||    15
Armor: Robe              |     7 |     8 |       |       |     9 ||    24
       Swamp dragon scal |       |    13 |    47 |    48 |    27 ||   135
Dodge: Dodged            |    78 |   143 |   198 |   283 |   659 ||  1361
Block: Buckler           |       |       |       |       |    24 ||    24
